AoeStats
← ektum_inside

Arena

510269195Analyzed
4v4 RM · 24h ago on Sep 30, 2026· 38m 49s· 8 players
Game mode
Random Map
Map size
Large (8 player)
Population
200
Speed
Normal
Resources
Standard
Victory
Conquest
Starting age
Dark Age
Ending age
Imperial Age
RankedLock teamsTeams togetherTeam positionsShared explorationLock speedFull tech treeHidden civsTurbo modeCheats
Victory
Defeat
🇭🇰 Magyars · Hong Kong SAR China
1161
+12
🇨🇳 Portuguese · China
1128
+13
🇨🇳 Hindustanis · China
1113
+14
🇮🇳 Spanish · India
1053
+15
🇨🇴 Shu · Colombia
1082
-14
🇳🇿 Dravidians · New Zealand
1081
-14
🇨🇳 Saxons · China
1050
-13
🇨🇳 Teutons · China
1039
-13
chichimp
10:40 Feudal Age
15:01 Castle Age
13:34 Horse Collar
13:54 Double-Bit Axe
17:01 Fletching
18:18 Crossbowman
21:17 Thumb Ring
21:16 Pikeman
25:31 Bodkin Arrow
26:32 Padded Archer Armor
34:32 Imperial Age
33:26 Leather Archer Armor
36:39 Chemistry
rubendariod01
7:02 Loom
9:17 Feudal Age
10:02 Double-Bit Axe
9:59 Horse Collar
16:32 Castle Age
15:46 Gold Mining
18:12 Bow Saw
23:12 Pikeman
26:24 Husbandry
26:34 Scale Barding Armor
29:50 Forging
31:25 Wheelbarrow
34:06 Imperial Age
32:34 Fortified Wall
32:32 Elite Skirmisher
33:17 Thumb Ring
34:24 Chain Barding Armor
34:46 Hand Cart
34:36 Heavy Plow
34:11 Heavy Hei Guang Cavalry
35:48 Fletching
35:59 Padded Archer Armor
37:01 Gold Shaft Mining
37:41 Two-Man Saw
死在星期八
10:50 Feudal Age
12:16 Double-Bit Axe
14:42 Castle Age
12:48 Double-Bit Axe
14:00 Horse Collar
22:34 Wheelbarrow
22:47 Gold Mining
22:48 Loom
24:49 Heavy Plow
25:22 Hand Cart
26:34 Gold Shaft Mining
26:13 Bow Saw
31:20 Imperial Age
28:37 Town Watch
29:09 Forging
29:00 Scale Mail Armor
30:32 Iron Casting
31:21 Squires
31:07 Gambesons
31:08 Arson
32:18 Chain Mail Armor
32:15 Fletching
32:00 Capped Ram
32:54 Stone Mining
33:38 Crop Rotation
34:11 Two-Man Saw
32:47 Elite Varangian Guard
34:38 Conscription
35:07 Plate Mail Armor
34:37 Shield Wall
35:33 Siege Ram
36:42 Bodkin Arrow
36:48 Padded Archer Armor
36:36 Elite Skirmisher
37:22 Thumb Ring
juju9292
9:59 Feudal Age
8:38 Loom
15:46 Castle Age
13:58 Double-Bit Axe
15:53 Wheelbarrow
15:04 Town Watch
15:57 Wheelbarrow
16:37 Bow Saw
16:11 Horse Collar
17:17 Heavy Plow
22:45 Scale Barding Armor
22:50 Forging
22:42 Gold Mining
23:21 Bloodlines
33:11 Hand Cart
35:01 Chain Barding Armor
XGFC
9:57 Feudal Age
14:07 Castle Age
11:59 Horse Collar
12:37 Double-Bit Axe
15:42 Bow Saw
16:34 Loom
21:21 Wheelbarrow
23:07 Hand Cart
24:50 Town Watch
27:54 Imperial Age
26:01 Ballistics
25:52 Masonry
25:57 Gold Mining
26:47 Husbandry
26:58 Bloodlines
26:57 Scale Barding Armor
27:57 Gold Shaft Mining
27:13 Stone Mining
28:13 Grand Trunk Road
28:30 Devotion
28:07 Heavy Camel Rider
29:09 Conscription
29:55 Forging
30:57 Chain Barding Armor
30:30 Light Cavalry
30:32 Imperial Camel Rider
31:41 Heavy Plow
33:21 Two-Man Saw
33:00 Plate Barding Armor
33:02 Iron Casting
31:56 Hussar
35:13 Hoardings
37:19 Chemistry
36:26 Siege Engineers
36:31 Fortified Wall
38:49 Coinage
38:20 Caravan
ektum_inside
1:19 Loom
10:28 Feudal Age
12:33 Double-Bit Axe
12:29 Horse Collar
19:45 Castle Age
17:45 Stone Mining
17:51 Gold Mining
21:49 Bow Saw
21:43 Heavy Plow
21:47 Town Watch
24:11 Fletching
25:30 Bloodlines
XGPU1741
11:05 Feudal Age
15:18 Castle Age
13:36 Double-Bit Axe
14:12 Gold Mining
16:25 Bow Saw
16:32 Stone Mining
19:29 Horse Collar
22:01 Heavy Plow
23:30 Stone Shaft Mining
22:50 Loom
25:09 Wheelbarrow
28:39 Imperial Age
26:53 Pikeman
28:24 Forging
28:16 Scale Mail Armor
28:39 Ballistics
30:11 Halberdier
31:13 Conscription
32:58 Hand Cart
33:54 Iron Casting
33:34 Chain Mail Armor
34:37 Elite Organ Gun
38:01 Chemistry
37:08 Siege Engineers
37:13 Fortified Wall
39:17 Blast Furnace
38:47 Plate Mail Armor
40:27 Two-Man Saw
EinzbernMK
10:08 Feudal Age
14:14 Castle Age
12:43 Double-Bit Axe
13:41 Horse Collar
17:14 Bow Saw
17:36 Loom
22:10 Wheelbarrow
22:07 Heavy Plow
24:02 Hand Cart
25:25 Gold Mining
25:57 Stone Mining
26:43 Gold Shaft Mining
30:25 Imperial Age
28:11 Fletching
29:29 Padded Archer Armor
29:59 Corvinian Army
30:05 Husbandry
30:47 Thumb Ring
30:27 Heavy Cavalry Archer
31:16 Recurve Bow
31:42 Ballistics
32:23 Chemistry
32:51 Two-Man Saw
32:35 Parthian Tactics
32:07 Bodkin Arrow
32:17 Treadmill Crane
33:19 Conscription
33:28 Siege Engineers
33:31 Bracer
34:22 Leather Archer Armor
36:12 Ring Archer Armor
36:56 Hoardings
36:07 Elite Magyar Huszar
36:53 Scale Barding Armor
38:12 Capped Ram
39:46 Crop Rotation
Connection lost

Rejoining the realm…

Still unreachable

The connection could not be restored.

Session expired

The server has moved on; the page needs a fresh start.